 Dungeon Crawl Stone Soup version 0.27-a0-1202-ge72e49191c (webtiles) character file.

Game seed: 11187817604907794266

151 27snakeeyes612 the Chopper (level 5, -3/75 HPs)
             Began as a Naga Fighter on June 4, 2021.
             Slain by a gnoll
             ... wielding a +0 club
              (6 damage)
             ... on level 3 of the Dungeon.
             The game lasted 00:01:43 (3079 turns).

27snakeeyes612 the Chopper (Naga Fighter)           Turns: 3079, Time: 00:01:43

Health: -3/75      AC:  5    Str: 20    XL:     5   Next: 33%
Magic:  5/5        EV:  5    Int:  8    God:
Gold:   177        SH:  9    Dex: 10    Spells: 4/4 levels left

rFire    . . .     SeeInvis +   a - +0 war axe
rCold    . . .     Faith    .   c - +0 kite shield
rNeg     . . .     Spirit   .   b - +0 scale mail
rPois    +         Reflect  .   (no helmet)
rElec    .         Harm     .   (no cloak)
rCorr    .         Rampage  .   (no gloves)
Will     .....                  (no barding)
Stlth    ..........             (no amulet)
HPRegen  0.22/turn              (no ring)
MPRegen  0.09/turn              (no ring)

@: brilliant, berserking, quick
A: AC +1, large, see invisible, deformed body, poison resistance, slowness 2,
spit poison 1, naga tail 1
a: Spit Poison


You were on level 3 of the Dungeon.
You visited 1 branch of the dungeon, and saw 3 of its levels.

You collected 177 gold pieces.

Inventory:

Hand Weapons
 a - a +0 war axe (weapon)
Armour
 b - a +0 scale mail (worn)
 c - a +0 kite shield (worn)
Wands
 d - a wand of mindburst (10)
 j - a wand of iceblast (9)
Scrolls
 e - 4 scrolls of identify {unknown}
 h - a scroll of noise {unknown}
 k - a scroll of immolation {unknown}
 l - 3 scrolls of blinking {unknown}
 n - a scroll of amnesia {unknown}
Potions
 g - 2 potions of brilliance


   Skills:
 + Level 3.6 Fighting
 + Level 3.6 Axes
 + Level 3.1 Armour
 + Level 0.1 Dodging
 + Level 2.9 Shields


You had 4 spell levels left.
You didn't know any spells.
Your spell library contained the following spells:

 Spells                   Type           Power      Damage    Failure   Level
 Animate Skeleton         Necr           0%         N/A       99%         1
 Apportation              Tloc           0%         N/A       99%         1
 Corona                   Hex            0%         N/A       99%         1
 Summon Small Mammal      Summ           0%         N/A       99%         1


Dungeon Overview and Level Annotations

Branches:
Dungeon (3/15)

Altars:
Trog


Innate Abilities, Weirdness & Mutations

Your serpentine skin is tough. (AC +1)
You have supernaturally acute eyesight. (SInv)
Armour fits poorly on your strangely shaped body.
Your system is resistant to poisons. (rPois)
You cover ground very slowly.
You can spit poison.
You have a snake-like lower body.


Message History

The gnoll hits you with a +0 club.
The gnoll hits you from afar with a +0 spear.
* * * LOW HITPOINT WARNING * * *
It was a potion of brilliance.
You feel clever all of a sudden. You block the gnoll's attack.
The gnoll hits you from afar with a +0 spear.
* * * LOW HITPOINT WARNING * * *
You barely miss the gnoll.
The gnoll is severely wounded.
You block the gnoll's attack. x2
A hobgoblin comes into view.
It was a potion of magic.
Magic courses through your body. The gnoll hits you with a +0 club.
* * * LOW HITPOINT WARNING * * *
You block the gnoll's attack.
It was a potion of curing.
You feel better. You block the gnoll's attack.
The gnoll hits you from afar with a +0 spear.
You barely miss the gnoll.
The gnoll is severely wounded.
You block the gnoll's attack.
The gnoll hits you from afar with a +0 spear.
The hobgoblin hits you but does no damage.
The gnoll hits you with a +0 club.
* * * LOW HITPOINT WARNING * * *
The gnoll hits you from afar with a +0 spear.
* * * LOW HITPOINT WARNING * * *
You hit the gnoll.
The gnoll is almost dead.
You slash the hobgoblin!
You kill the hobgoblin!
The gnoll hits you with a +0 club.
* * * LOW HITPOINT WARNING * * *
The gnoll hits you from afar with a +0 spear.
* * * LOW HITPOINT WARNING * * *
It was a potion of berserk rage.
A red film seems to cover your vision as you go berserk!
You feel yourself moving faster!
You feel mighty! The gnoll hits you with a +0 club.
You die...

####..#.####
#....#.# #.
#....#..# #....#.#
## ###.#.###.#
#....#.# #....##
##.## #.......
.###.#.## ##.###
#......#
.........## ##....
##. ###
#.###.#...###..###
#.#....#...# #
####..##@#
#......###g#
######## #.g ####


You could see 2 gnolls.

Vanquished Creatures
  Ijyb (D:3)
  A gnoll (D:3)
  5 adders
  2 worms
  A dart slug (D:2)
  4 bats
  9 endoplasms
  A giant cockroach (D:2)
  3 goblins
  4 hobgoblins
  7 jackals
  2 quokkas
  6 ball pythons
  4 frilled lizards
  5 kobolds
  5 rats
60 creatures vanquished.

Notes
Turn   | Place    | Note
-------+----------+-------------------------------------------
     0 | D:1      | 27snakeeyes612 the Naga Fighter began the quest for the
                  | Orb.
     0 | D:1      | Reached XP level 1. HP: 21/21 MP: 1/1
    97 | D:1      | Reached XP level 2. HP: 25/28 MP: 2/2
   515 | D:1      | Reached XP level 3. HP: 33/34 MP: 3/3
   923 | D:2      | Found a bloodstained altar of Trog.
  1803 | D:2      | Reached XP level 4. HP: 42/42 MP: 4/4
  1821 | D:2      | Found a faded altar of an unknown god.
  2708 | D:3      | Noticed Ijyb
  2719 | D:3      | Killed Ijyb
  2720 | D:3      | Reached XP level 5. HP: 19/49 MP: 5/5
  3078 | D:3      | HP: 2/50 [gnoll/+0 spear (6)]
  3079 | D:3      | Slain by a gnoll

Illustrated notes

Levels and vault maps discovered:
D:1:      psy_arrival_whirlpool, layout_basic
D:2:      layout_basic, basic_altar, chequers_ecumenical_altar_island
D:3:      layout_loops_cross, minmay_starry_boxes, uniq_ijyb, uniq_sigmund

Skill      XL: |  1  2  3  4 |
---------------+-------------+-----
Axes           | 3 |  3.6
Armour         | 3 |  3.1
Fighting       | |  3.6
Dodging        | |  0.1
Shields        | |  2.9

Action                   |  1- 3 |  4- 6 || total
-------------------------+-------+-------++-------
Melee: War axe           |    98 |    87 ||   185
  Use: Potion            |       |     5 ||     5
Armor: Scale mail        |    62 |    49 ||   111
Dodge: Dodged            |    22 |    17 ||    39
Block: Kite shield       |    52 |    51 ||   103

Table legend: (Time is in decaauts)
 A = Elapsed time spent in this place.
 B = Non-inter-level travel time spent in this place.
 C = Inter-level travel time spent in this place.
 D = Time resting spent in this place.
 E = Time spent auto-exploring this place.
 F = Levels seen in this place.
 G = Mean time per level.
                   A        B        C        D        E       F      G
               +--------+--------+--------+--------+--------+-----+--------+
         Total |   3882 |   3822 |     60 |    159 |   3192 |   3 | 1294.0 |
       Dungeon |   3882 |   3822 |     60 |    159 |   3192 |   3 | 1294.0 |
               +--------+--------+--------+--------+--------+-----+--------+

Top non-repeatable levels by time:
     D:2: 1477 daAuts
     D:1: 1285 daAuts
     D:3: 1119 daAuts
